 Dungeon Crawl Stone Soup version 0.28-a0-1182-g381e24db82 (webtiles) character file.

Game seed: 7669115757963087664

10343 ryw the Summoner (level 11, -3/63 HPs)
             Began as a Tengu Summoner on Dec 17, 2021.
             Was a Priest of Zin.
             Slain by a four-headed hydra (12 damage)
             ... on level 1 of the Lair of Beasts.
             The game lasted 00:44:14 (15484 turns).

ryw the Summoner (Tengu Summoner)                  Turns: 15484, Time: 00:44:14

Health: -3/63      AC:  4    Str: 15    XL:     11   Next: 60%
Magic:  20/23      EV: 19    Int: 22    God:    Zin [***...]
Gold:   264        SH:  5    Dex: 14    Spells: 14/25 levels left

rFire   . . .      SeeInvis .   n - +2 short sword (venom)
rCold   . . .      Faith    .   (no shield)
rNeg    . . .      Spirit   .   a - +1 robe "Odolig" {Rampage Int+2 Slay+6}
rPois   +          Reflect  +   (helmet restricted)
rElec   .          Harm     .   K - +0 cloak
rCorr   .          Rampage  +   (no gloves)
Will    .....                   (boots unavailable)
Stlth   +++.......              F - amulet of reflection
HPRegen 0.20/turn               o - ring of poison resistance
MPRegen 0.18/turn               J - +6 ring of strength

@: about to teleport, flying quickly and evasively, quick
A: beak, talons 3, nimble flight
a: Renounce Religion, Recite, Vitalisation, Imprison, Donate Gold


You were on level 1 of the Lair of Beasts.
You worshipped Zin.
Zin was most pleased with you.
You visited 3 branches of the dungeon, and saw 11 of its levels.
You also visited: Sewer.

You collected 421 gold pieces.
You donated 157 gold pieces to Zin.

Inventory:

Hand Weapons
 h - a +2 whip of flaming
 n - a +2 short sword of venom (weapon)
 s - a +0 arbalest
 v - a +3 halberd
 M - a +5 battleaxe
Missiles
 u - 6 curare-tipped darts
 L - 40 poisoned darts
 N - 6 javelins
 Q - 3 throwing nets
Armour
 a - the +1 robe "Odolig" (worn) {Rampage Int+2 Slay+6}
   (You took it off an orc on level 9 of the Dungeon)

   Int:       It affects your intelligence (+2).
   Slay:      It affects your accuracy & damage with ranged weapons and melee
   (+6).
   Rampage:   It bestows one free step when moving towards enemies.
 B - +0 steam dragon scales
 K - a +0 cloak (worn)
Magical Staves
 C - a staff of air
 D - a staff of cold
Jewellery
 o - a ring of poison resistance (left hand)
 F - an amulet of reflection (around neck)
 J - a +6 ring of strength (right hand)
 P - a +4 ring of protection
Wands
 r - a wand of polymorph (8)
 y - a wand of digging (5)
 A - a wand of mindburst (5)
Scrolls
 b - a scroll of enchant armour
 c - 3 scrolls of teleportation
 e - a scroll of amnesia
 q - 3 scrolls of fog
 z - a scroll of enchant weapon {unknown}
 E - a scroll of fear
 H - a scroll of silence
 R - a scroll of identify
Potions
 d - a potion of berserk rage
 f - 3 potions of invisibility
 g - 5 potions of brilliance
 i - 3 potions of haste
 j - 2 potions of cancellation {unknown}
 k - 3 potions of magic
 l - a potion of attraction {unknown}
 m - 3 potions of heal wounds
 p - 3 potions of degeneration
 t - 3 potions of might
 w - 2 potions of resistance {unknown}
 x - 2 potions of mutation {unknown}
 G - a potion of flight {unknown}
 I - 3 potions of curing {unknown}
Miscellaneous
 O - a phial of floods


   Skills:
 - Level 5.0 Fighting
 - Level 2.0 Short Blades
 + Level 9.4 Dodging
 + Level 3.9 Stealth
 + Level 7.9 Spellcasting
 * Level 14.7 Summonings
 - Level 3.0 Air Magic


You had 14 spell levels left.
You knew the following spells:

 Your Spells              Type           Power      Damage    Failure   Level
a - Call Canine Familiar  Summ           65%        N/A       1%          3
b - Summon Lightning Spi  Summ/Air       47%        N/A       1%          4
c - Summon Guardian Gole  Hex/Summ       41%        N/A       1%          3
d - Summon Small Mammal   Summ           100%       N/A       1%          1

Your spell library contained the following spells:

 Spells                   Type           Power      Damage    Failure   Level
 Call Imp                 Summ           65%        N/A       1%          2
 Magic Dart               Conj           32%        1d4       8%          1
 Searing Ray              Conj           16%        2d5       12%         2
 Sublimation of Blood     Necr           8%         N/A       12%         2
 Wereblood                Tmut           8%         N/A       12%         2
 Summon Hydra             Summ           32%        N/A       16%         7
 Gell's Gravitas          Tloc           8%         N/A       22%         3
 Lesser Beckoning         Tloc           8%         N/A       22%         3
 Teleport Other           Tloc           8%         N/A       22%         3
 Fulminant Prism          Conj/Hex       4%         3d6       58%         4


Dungeon Overview and Level Annotations

Branches:
Dungeon (9/15)             Temple (1/1) D:7            Lair (1/6) D:9
  Sewer (visited)
    Orc: D:9-12

Altars:
Dithmenos
Elyvilon
Fedhas
Gozag
Kikubaaqudgha
Makhleb
Nemelex Xobeh
Sif Muna
Trog
Vehumet
Xom
Yredelemnul
Zin
The Shining One

Shops:
D:1 [   D:2 =[(=   D:5 :   D:8 =![!


Innate Abilities, Weirdness & Mutations

You have a beak for a mouth.
You have claws for feet.
Your magical nature lets you fly swiftly and evasively.


Message History

You swap places.
A four-headed hydra comes into view.
Casting: Call Canine Familiar (safe; 1% risk of failure)
Confirm with . or Enter, or press ? or * to list all spells.
An electric hum fills the air.
A rime drake comes into view.
The helpless rime drake fails to defend itself.
You puncture the rime drake!
The rime drake is poisoned.
Your kick misses the rime drake.
The rime drake is moderately wounded.
The rime drake breathes ice at you. The flash freeze hits you!!
You are encased in ice.
You rampage towards the four-headed hydra!
Your warg bites the rime drake but does no damage.
The helpless four-headed hydra fails to defend itself.
You puncture the four-headed hydra!
The four-headed hydra is moderately wounded.
Your warg bites the rime drake!
The rime drake misses your warg. The four-headed hydra bites you! x2
You block the four-headed hydra's attack.
The four-headed hydra bites you!
* * * LOW HITPOINT WARNING * * *
Your warg barely misses the rime drake.
The rime drake bites your warg.
Your warg bites the rime drake.
The rime drake barely misses your warg.
You swap places.
The ice encasing you melts away.
Your warg closely misses the rime drake.
The rime drake barely misses your warg. The four-headed hydra bites your warg!
The four-headed hydra closely misses your warg.
The four-headed hydra bites your warg. The four-headed hydra bites your warg!
Your warg dies!
Your warg's corpse disappears in a puff of smoke!
The rime drake hisses angrily.
As you read the scroll of teleportation, it crumbles to dust.
You feel strangely unstable. The rime drake breathes ice at you.
The flash freeze misses you. The rime drake misses you.
The four-headed hydra bites you!
You die...

#..[..............##
#.................#
#..........#####.##
##8#.####.## .#
#.### ## ## #..#
#..# # #..#####P##
####.@........
##....Dk.......
................
................
#...............
####............
############.


You could see a four-headed hydra (ally target), a rime drake (very poisoned,
catching breath) and a friendly lightning spire (summoned).

Vanquished Creatures
  A cane toad (Lair:1)
  A shadow (D:9)
  A wyvern (D:9)
  2 yaks
  2 basilisks
  A vampire mosquito (D:9)
  3 water moccasins
  An orc warrior (D:9)
  A black bear (D:6)
  A kobold brigand (Sewer)
  2 bullfrogs
  A gnoll sergeant (D:9)
  5 scorpions
  A water moccasin zombie (D:5)
  2 wights (D:4)
  4 howler monkeys
  A jelly (D:5)
  2 orc priests
  2 hounds
  A centaur zombie (D:8)
  An iguana (D:5)
  2 orc wizards (D:9)
  A howler monkey skeleton (D:7)
  4 adders
  A gnoll (D:9)
  5 river rats (Sewer)
  A shadow imp (D:5)
  10 orcs
  4 bats
  7 endoplasms
  2 giant cockroaches
  3 goblins (D:4)
  A hobgoblin (D:3)
  A jackal (D:4)
  2 quokkas (D:3)
  2 ball pythons
  A frilled lizard (D:1)
  9 kobolds
  21 rats
113 creatures vanquished.

Vanquished Creatures (collateral kills)
  Harold (Lair:1)
  2 hydras (Lair:1)
  Urug (Lair:1)
  Maggie (D:6)
  Prince Ribbit (D:6)
  A basilisk (D:9)
  7 yaks
  Menkaure (D:4)
  4 water moccasins
  5 orc warriors (D:9)
  A sky beast (D:6)
  An ice beast (D:5)
  A kobold brigand (Sewer)
  2 bullfrogs (Lair:1)
  3 scorpions
  2 wyvern zombies
  6 wights
  2 howler monkeys
  A centaur zombie (D:7)
  2 orc priests (D:9)
  A jelly (D:4)
  3 bullfrog skeletons
  2 orc wizards (D:9)
  A killer bee zombie (D:9)
  A howler monkey zombie (D:8)
  3 gnolls (D:9)
  3 adders
  A howler monkey skeleton (D:5)
  5 river rats (Sewer)
  2 shadow imps (D:8)
  An ufetubus (D:4)
  2 worms (D:2)
  A dart slug (D:1)
  13 orcs
  5 endoplasms
  3 goblins
  7 hobgoblins
  2 jackals (D:4)
  14 kobolds
  4 ball pythons
  A frilled lizard (D:1)
  12 rats
132 creatures vanquished.

Vanquished Creatures (others)
  A manticore (D:9)
  2 yaks
  A vampire mosquito (D:9)
  12 fungi
  17 plants
33 creatures vanquished.

Grand Total: 278 creatures vanquished

Notes
Turn   | Place    | Note
-------+----------+-------------------------------------------
     0 | D:1      | ryw the Tengu Summoner began the quest for the Orb.
     0 | D:1      | Reached XP level 1. HP: 10/10 MP: 4/4
   201 | D:1      | Found Jikloh's Antique Armour Shoppe.
   260 | D:1      | Reached skill level 5 in Summonings
   451 | D:1      | Reached XP level 2. HP: 15/15 MP: 3/6
   457 | D:1      | Learned a level 2 spell: Call Imp
  1288 | D:2      | Found Geaf's Jewellery Boutique.
  1310 | D:2      | Found Jokipo's Armour Emporium.
  1403 | D:2      | Reached XP level 3. HP: 19/19 MP: 3/7
  1407 | D:2      | Learned a level 3 spell: Call Canine Familiar
  1532 | D:2      | Found a faded altar of an unknown god.
  1903 | D:2      | Found Biblesch's Jewellery Emporium.
  1960 | D:2      | Found Bungi's Weapon Shop.
  2198 | D:3      | Found a shimmering blue altar of Sif Muna.
  2280 | D:3      | Reached XP level 4. HP: 24/24 MP: 5/8
  2307 | D:3      | Reached skill level 6 in Summonings
  2807 | D:3      | Found a glowing golden altar of the Shining One.
  2817 | D:3      | Gained mutation: Your magical nature lets you fly swiftly
                  | and evasively. [Tengu growth]
  2817 | D:3      | Reached XP level 5. HP: 22/28 MP: 8/10
  3412 | D:3      | Learned a level 3 spell: Summon Guardian Golem
  3714 | D:4      | Noticed Menkaure
  3727 | D:4      | Killed Menkaure
  3728 | D:4      | Reached skill level 1 in Fighting
  3728 | D:4      | Reached skill level 7 in Summonings
  3728 | D:4      | Reached XP level 6. HP: 10/34 MP: 6/11
  3981 | D:4      | Found a glowing drain.
  3990 | Sewer    | Entered a sewer
  4540 | Sewer    | Reached XP level 7. HP: 36/39 MP: 6/13
  4825 | Sewer    | Reached skill level 1 in Short Blades
  5395 | D:4      | Learned a level 4 spell: Summon Lightning Spire
  5590 | D:4      | Found a basalt altar of Yredelemnul.
  5607 | D:4      | Reached skill level 8 in Summonings
  5614 | D:4      | Reached skill level 1 in Air Magic
  6453 | D:4      | Reached XP level 8. HP: 27/44 MP: 8/15
  7185 | D:5      | Entered Level 5 of the Dungeon
  7195 | D:5      | Reached skill level 5 in Dodging
  7404 | D:5      | Reached skill level 9 in Summonings
  7664 | D:5      | Found Oraidiqo's Book Boutique.
  8453 | D:6      | Found a white marble altar of Elyvilon.
  8627 | D:6      | Reached XP level 9. HP: 33/52 MP: 12/17
  9039 | D:6      | Reached skill level 10 in Summonings
  9155 | D:6      | Noticed Maggie
  9160 | D:6      | Noticed Prince Ribbit
  9259 | D:6      | Killed Maggie
  9260 | D:6      | Reached skill level 5 in Spellcasting
  9318 | D:6      | Killed Prince Ribbit
  9676 | D:7      | Found a bloodstained altar of Trog.
  9677 | D:7      | Found a shimmering altar of Xom.
  9678 | D:7      | Found an opulent altar of Gozag.
  9678 | D:7      | Found a sparkling altar of Nemelex Xobeh.
  9804 | D:7      | Found a staircase to the Ecumenical Temple.
  9825 | D:7      | Found a burning altar of Makhleb.
  9983 | Temple   | Entered the Ecumenical Temple
  9996 | Temple   | Became a worshipper of Zin the Law-Giver
  9996 | Temple   | Reached * piety under Zin
 10008 | D:7      | Donated 115 gold pieces to Zin
 10400 | D:8      | Found Xuserph Farcho's Distillery.
 10400 | D:8      | Found Ciotin's Jewellery Shop.
 10579 | D:8      | Reached ** piety under Zin
 10596 | D:8      | Found Tuvan's Armour Shop.
 10602 | D:8      | Reached skill level 11 in Summonings
 10662 | D:8      | Found Peiruck's Distillery.
 10755 | D:8      | Reached skill level 5 in Fighting
 11365 | D:9      | Noticed a manticore
 11382 | D:9      | Killed a manticore
 11383 | D:9      | Reached XP level 10. HP: 17/59 MP: 11/20
 12246 | D:8      | Reached skill level 12 in Summonings
 12892 | D:9      | Found a staircase to the Lair.
 13029 | D:9      | Reached skill level 13 in Summonings
 13346 | D:9      | Identified the +1 robe "Odolig" {Rampage Int+2 Slay+6}
 13549 | D:9      | Reached XP level 11. HP: 57/63 MP: 18/22
 14139 | Lair:1   | Entered Level 1 of the Lair of Beasts
 14195 | Lair:1   | Reached *** piety under Zin
 14447 | Lair:1   | Noticed Urug
 14462 | Lair:1   | Killed Urug
 14463 | Lair:1   | Reached skill level 14 in Summonings
 14715 | Lair:1   | Noticed Harold
 14732 | Lair:1   | Killed Harold
 14740 | Lair:1   | Noticed an eight-headed hydra
 14752 | Lair:1   | Killed an eight-headed hydra
 15111 | Lair:1   | Noticed a four-headed hydra
 15121 | Lair:1   | Killed a four-headed hydra
 15473 | Lair:1   | Noticed a four-headed hydra
 15484 | Lair:1   | Slain by a four-headed hydra

Illustrated notes

Levels and vault maps discovered:
D:1:      dpeg_arrival_leaves_temple_mockup, layout_basic, serial_shops, shop,
          serial_curves, eino_curves_03, eino_curves_01, minmay_close_crescents
D:2:      layout_basic, shapermc_ecumenical_altar_notcrosses, serial_shops,
          nicolae_square_shop, shop, nicolae_shop_bloodbath_and_beyond,
          nicolae_diamond_shop, due_unseen_surprise
D:3:      layout_loops_ring, kennysheep_orc_sif_temple,
          nicolae_overflow_crystal_walls, fountainhead, minmay_rat_hole
D:4:      layout_layer_cave, mainiacjoe_overflow_cross_hatched,
          portal_sewer_entry_d, uniq_menkaure
D:5:      layout_basic, serial_shops, nicolae_shop_behind_doors,
          nicolae_figureground_sparkle
D:6:      layout_basic, kennysheep_mini_moat, uniq_prince_ribbit1, uniq_maggie
D:7:      layout_loops_ring, bloody_makhleb,
          chequers_temple_overflow_statue_of_worship, minmay_temple_entry_arrows
D:8:      layout_basic, serial_shops, nicolae_shop_trees, shop, shop,
          nicolae_take_the_stairs, hex_medium
D:9:      layout_loops_ring, minmay_lair_entry_grove, minmay_misc_feat_doors,
          serial_park_tiny_pond
Temple:   nicolae_temple_god_jail
Lair:1:   layout_cave_pods, serial_bayou_shore_b, uniq_urug, uniq_harold

Skill      XL: |  1  2  3  4  5  6  7  8  9 10 11 |
---------------+----------------------------------+-----
Summonings     | 5 6 7 8 9 11 13 14 | 14.7
Dodging        | 3 4 5 7 8 9 |  9.4
Fighting       | 1 2 3 5 |  5.0
Spellcasting   | 3 4 6 7 |  7.9
Short Blades   | 2 |  2.0
Air Magic      | 1 3 |  3.0
Stealth        | 3 |  3.9

Action                   |  1- 3 |  4- 6 |  7- 9 | 10-12 || total
-------------------------+-------+-------+-------+-------++-------
Melee: Short sword       |    32 |    68 |   205 |    95 ||   400
       Kick              |    11 |    10 |    53 |    36 ||   110
       Unarmed           |     1 |       |       |       ||     1
       Peck              |     3 |     6 |    35 |    24 ||    68
       Hand axe          |       |     1 |       |       ||     1
 Cast: Summon Small Mamm |    50 |    30 |    38 |     5 ||   123
       Call Imp          |    11 |    14 |    22 |       ||    47
       Call Canine Famil |     1 |     7 |    31 |    19 ||    58
       Summon Lightning  |       |       |     5 |    31 ||    36
       Summon Guardian G |       |       |     1 |    14 ||    15
Invok: Donate Gold       |       |       |     1 |       ||     1
  Use: Scroll            |     7 |     2 |     7 |     5 ||    21
 Stab: Sleeping          |     6 |     1 |     3 |     2 ||    12
       Distracted        |       |     2 |     5 |     2 ||     9
Armor: Robe              |    15 |     9 |    24 |     7 ||    55
Dodge: Dodged            |    41 |    59 |   186 |    81 ||   367
Block: Other             |       |       |     8 |    20 ||    28

Table legend: (Time is in decaauts)
 A = Elapsed time spent in this place.
 B = Non-inter-level travel time spent in this place.
 C = Inter-level travel time spent in this place.
 D = Time resting spent in this place.
 E = Time spent auto-exploring this place.
 F = Levels seen in this place.
 G = Mean time per level.
                   A        B        C        D        E       F      G
               +--------+--------+--------+--------+--------+-----+--------+
         Total |  14875 |  14176 |    699 |   3192 |   8545 |  12 | 1239.6 |
       Dungeon |  12224 |  11533 |    691 |   2639 |   7011 |   9 | 1358.2 |
        Temple |     21 |     13 |      8 |      0 |      1 |   1 |   21.0 |
          Lair |   1278 |   1278 |      0 |    271 |    813 |   1 | 1278.0 |
         Sewer |   1350 |   1350 |      0 |    281 |    718 |   1 | 1350.0 |
               +--------+--------+--------+--------+--------+-----+--------+

Top non-repeatable levels by time:
     D:4: 2204 daAuts
     D:8: 2141 daAuts
     D:3: 1412 daAuts
   Sewer: 1350 daAuts
     D:1: 1342 daAuts
     D:6: 1306 daAuts
     D:9: 1302 daAuts
  Lair:1: 1278 daAuts
     D:5: 937 daAuts
     D:7: 875 daAuts
     D:2: 701 daAuts
  Temple: 21 daAuts
